 Dungeon Crawl Stone Soup version 0.27-a0-562-g0d39f094a4 (webtiles) character file.

Game seed: 6910605516957521519

289 porpoise the Skirmisher (level 6, 0/40 HPs)
             Began as a Gargoyle Wanderer on Mar 8, 2021.
             Slain by a shadow imp (4 damage)
             ... summoned by Natasha
             ... on level 2 of the Dungeon.
             The game lasted 00:06:49 (1893 turns).

porpoise the Skirmisher (Gargoyle Wanderer)         Turns: 1893, Time: 00:06:50

Health: 0/40       AC: 15    Str: 16    XL:     6   Next: 31%
Magic:  6/6        EV: 10    Int: 13    God:
Gold:   103        SH:  0    Dex: 16    Spells: 5/5 levels left

rFire    . . .     SeeInvis .   a - +0 mace
rCold    . . .     Faith    .   (no shield)
rNeg     + . .     Spirit   .   c - +0 ring mail
rPois    ∞         Reflect  .   g - +2 helmet
rElec    +         Harm     .   (no cloak)
rCorr    .         Rampage  .   e - +0 pair of gloves
Will     .....                  u - +0 pair of boots
Stlth    ++........             (no amulet)
HPRegen  0.13/turn              z - +6 ring of dexterity
MPRegen  0.10/turn              (no ring)

@: slowed, very slow
A: negative energy resistance 1, electricity resistance, torment resistance 1,
unbreathing 1, petrification resistance, AC +4
a: no special abilities


You were on level 2 of the Dungeon.
You visited 1 branch of the dungeon, and saw 2 of its levels.

You collected 103 gold pieces.

Inventory:

Hand Weapons
 a - a +0 mace (weapon)
 b - a +0 hunting sling
 f - a +0 hand axe
 w - a +2 dagger
Missiles
 h - 127 stones (quivered)
 p - 21 bolts
 s - 30 poisoned darts
 y - 11 sling bullets
Armour
 c - a +0 ring mail (worn)
 e - a +0 pair of gloves (worn)
 g - a +2 helmet (worn)
 u - a +0 pair of boots (worn)
Jewellery
 z - a +6 ring of dexterity (left hand)
Scrolls
 j - 2 scrolls of random uselessness {unknown}
 k - a scroll of amnesia {unknown}
 l - 3 scrolls of identify {unknown}
 n - a scroll of fear {unknown}
 q - 2 scrolls of teleportation {unknown}
 r - a scroll of enchant weapon {unknown}
 t - a scroll of magic mapping {unknown}
Potions
 d - 3 potions of curing
 i - 2 potions of mutation {unknown}
 m - a potion of heal wounds {unknown}
 o - a potion of brilliance {unknown}
 v - a potion of haste
 x - a potion of lignification {unknown}


   Skills:
 - Level 5.0 Fighting
 + Level 3.7 Maces & Flails
 - Level 1.0 Crossbows
 - Level 4.3 Armour
 - Level 1.0 Dodging
 - Level 4.3 Stealth


You had 5 spell levels left.
You didn't know any spells.
Your spell library contained the following spells:

 Spells                   Type           Power      Damage    Failure   Level
 Confusing Touch          Hex            0%         N/A       86%         3
 Gell's Gravitas          Tloc           0%         N/A       86%         3
 Petrify                  Tmut/Erth      0%         N/A       99%         4
 Metabolic Englaciation   Hex/Ice        0%         N/A       100%        5
 Yara's Violent Unravell  Hex/Tmut       0%         3d3       100%        5


Dungeon Overview and Level Annotations

Branches:
Dungeon (2/15)

Altars:

Annotations:
D:2 Natasha


Innate Abilities, Weirdness & Mutations

Your stone body is resilient. (AC +4)
You are immune to poison.
You resist negative energy. (rN+)
You are resistant to electric shocks. (rElec)
You are resistant to unholy torment.
You can survive without breathing.
You are immune to petrification.


Message History

* * * LOW HITPOINT WARNING * * *
Natasha completely misses you.
You barely miss Natasha.
Natasha is almost dead.
Natasha closely misses you.
Natasha stares at you and mumbles some strange words.
You feel as though you will be slow longer.
Natasha claws you.
* * * LOW HITPOINT WARNING * * *
You closely miss Natasha.
Natasha is severely wounded.
Natasha closely misses you.
Natasha stares at you and mumbles some strange words.
You feel as though you will be slow longer.
Natasha casts a spell.
Unknown command.
You hit Natasha.
Natasha is almost dead.
Natasha is no longer moving quickly.
Natasha claws you but does no damage. x2
The white imp gestures at you. The puff of frost hits you!
* * * LOW HITPOINT WARNING * * *
You closely miss Natasha.
Natasha is almost dead.
The white imp gestures at you.
The puff of frost hits you but does no damage.
Natasha mumbles some strange words.
The white imp gestures at you.
The puff of frost hits you but does no damage.
Natasha casts a spell at you. You resist with some effort.
You barely miss Natasha.
Natasha is almost dead.
Natasha casts a spell at you.
The magic dart hits you but does no damage.
Natasha casts a spell.
You closely miss Natasha.
Natasha is almost dead.
The crimson imp hits you but does no damage.
Natasha claws you but does no damage. The shadow imp hits you.
You die...

# #.............## #.# ##
###...####.###### #.# #.
#.....# #.# #.# #.# ###.
#.....# #.# #.# #.# #...
#.###.# #.#########.# #.#
#.## ..# #.# #...........#
#.# #... ..###<#
#####...##### #.# ###.
....÷.# ###...### #.# #.
..###.######....@5.# #.# ##
..#
#..........5h5.#####.########
..#
#............................
#.#
#########.......#.###########
#.# #.......#.# #.#
####.......#.#
#.########..........#.#
#.#........##.......#.#
..÷........##.......#.##


You could see Natasha, a crimson imp (summoned), a white imp (summoned) and a
shadow imp (summoned).

Vanquished Creatures
  Sigmund (D:2)
  Natasha (twice) (D:2)
  Robin (D:2)
  2 adders (D:2)
  3 oozes
  A dart slug (D:1)
  3 giant cockroaches
  8 goblins
  8 hobgoblins
  A quokka (D:2)
  6 bats
  A frilled lizard (D:2)
  4 kobolds
  3 rats
44 creatures vanquished.

Notes
Turn   | Place    | Note
-------+----------+-------------------------------------------
     0 | D:1      | porpoise the Gargoyle Wanderer began the quest for the Orb.
     0 | D:1      | porpoise set off with the following items: a +2 dagger, a
                  | potion of haste, a +0 ring mail, a potion of curing
     0 | D:1      | Reached XP level 1. HP: 10/10 MP: 1/1
   231 | D:1      | Reached skill level 1 in Fighting
   268 | D:1      | Reached XP level 2. HP: 17/17 MP: 2/2
   336 | D:1      | Reached skill level 2 in Fighting
   747 | D:1      | Reached XP level 3. HP: 22/22 MP: 3/3
  1199 | D:2      | Reached skill level 3 in Fighting
  1247 | D:2      | Noticed Natasha
  1263 | D:2      | Killed Natasha
  1264 | D:2      | Reached skill level 1 in Maces & Flails
  1264 | D:2      | Reached XP level 4. HP: 15/28 MP: 4/4
  1298 | D:2      | Noticed Natasha
  1311 | D:2      | Killed Natasha
  1623 | D:2      | Noticed Sigmund
  1638 | D:2      | Killed Sigmund
  1639 | D:2      | Reached skill level 4 in Fighting
  1639 | D:2      | Reached XP level 5. HP: 31/34 MP: 5/5
  1639 | D:2      | Reached XP level 6. HP: 37/40 MP: 6/6
  1714 | D:2      | Reached skill level 5 in Fighting
  1729 | D:2      | Noticed Robin
  1742 | D:2      | Killed Robin
  1869 | D:2      | Noticed Natasha
  1893 | D:2      | Slain by a shadow imp

Illustrated notes

Levels and vault maps discovered:
D:1:      psy_arrival_statuary, layout_basic, minmay_pentomino_s2
D:2:      layout_loops_ring, general_overflow_altar, uniq_sigmund, uniq_natasha,
          uniq_robin

Skill      XL: |  1  2  3  4  5  6 |
---------------+-------------------+-----
Fighting       | 1 2 3 4 5 |  5.0
Maces & Flails | 1 3 |  3.7
Crossbows      | |  1.0
Armour         | |  4.3
Dodging        | |  1.0
Stealth        | |  4.3

Action                   |  1- 3 |  4- 6 || total
-------------------------+-------+-------++-------
Melee: Dagger            |    85 |    18 ||   103
       Mace              |       |    73 ||    73
 Fire: Hunting sling     |    10 |    34 ||    44
 Stab: Sleeping          |     6 |       ||     6
Armor: Ring mail         |    69 |    57 ||   126
Dodge: Dodged            |    64 |    46 ||   110

Table legend: (Time is in decaauts)
 A = Elapsed time spent in this place.
 B = Non-inter-level travel time spent in this place.
 C = Inter-level travel time spent in this place.
 D = Time resting spent in this place.
 E = Time spent auto-exploring this place.
 F = Levels seen in this place.
 G = Mean time per level.
                   A        B        C        D        E       F      G
               +--------+--------+--------+--------+--------+-----+--------+
         Total |   1927 |   1894 |     33 |    342 |   1058 |   2 |  963.5 |
       Dungeon |   1927 |   1894 |     33 |    342 |   1058 |   2 |  963.5 |
               +--------+--------+--------+--------+--------+-----+--------+

Top non-repeatable levels by time:
     D:1: 1081 daAuts
     D:2: 845 daAuts
